[Event "*** Titled Tuesday 3|2 Blitz"]
[Site "Chess.com"]
[Date "2016.06.07"]
[Round "9"]
[White "1random"]
[Black "WanderingPuppet"]
[Result "0-1"]
[WhiteElo "2124"]
[BlackElo "2290"]
[TimeControl "180+2"]
[EndTime "18:50:44 PDT"]
[Termination "WanderingPuppet won by resignation"]

1. Nf3 Nf6 2. Rg1 g6 3. g4 d5 4. g5 Nfd7 5. d4 Bg7 6. h4 Nb6 7. c3 Nc6 8. Bf4 Bf5 9. e3 a6 10.
Nbd2 Qd7 11. h5 gxh5 12. Nh4 Bg6 13. a4 Na5 14. b4 Nac4 15. Nb3 Nxa4 16. Bxc4 dxc4 17.
Na5 Nxc3 18. Qc1 Nd5 19. Nxb7 Nxf4 20. exf4 Qxd4 21. Ra2 Bd3 22. Nc5 Qc3+ 23. Qd2 O-O 24. Nxa6 Qb3 0-1

[Event "*** Titled Tuesday 3|2 Blitz"]
[Site "Chess.com"]
[Date "2016.06.07"]
[Round "9"]
[White "Aguiar94"]
[Black "OldweakGM"]
[Result "0-1"]
[WhiteElo "2355"]
[BlackElo "2609"]
[TimeControl "180+2"]
[EndTime "18:51:52 PDT"]
[Termination "OldweakGM won by resignation"]

1. e4 a5 2. d4 h5 3. Nc3 d6 4. Bc4 e6 5. Nf3 Ne7 6. Bg5 c6 7. a4 Nd7 8. e5 d5 9. Bd3 f6 10. exf6 gxf6 11. Bf4 Bg7 12. Qe2 Nf8 13. O-O Kf7 14. Rae1 Nfg6 15. Bc1 Qc7 16. h4 Nf4 17. Bxf4 Qxf4 18. g3 Qd6 19. Nxd5 cxd5 20. c3 Bd7 21. Bb5 Nc6 22. Qd3 Rae8 23. Re3 Ke7 24. Rfe1 Kd8 25.
Qg6 Qf8 26. Nd2 Bh6 27. R3e2 Bxd2 28. Rxd2 Qh6 29. Qd3 Rhg8 30. Rc2 f5 31. c4 Nb4 32. Qc3 Nxc2 33. Qxc2 f4 34. Qc3 fxg3 35. Qxa5+ Ke7 36.
Qb4+ Kf6 37. Bxd7 Qf4 38. f3 Qxd4+ 39. Kg2 Qf2+ 0-1

[Event "*** Titled Tuesday 3|2 Blitz"]
[Site "Chess.com"]
[Date "2016.06.07"]
[Round "9"]
[White "Abrito99"]
[Black "Ksenia_Legenko"]
[Result "1-0"]
[WhiteElo "2334"]
[BlackElo "2064"]
[TimeControl "180+2"]
[EndTime "18:52:11 PDT"]
[Termination "Abrito99 won by checkmate"]

1. e4 c6 2. Nf3 d5 3. Nc3 Bg4 4. h3 Bxf3 5. Qxf3 e6 6. d3 Nd7 7.
g4 Bc5 8. Qg3 Ne7 9. Bg2 Qb8 10.
Bf4 e5 11. Bd2 d4 12. Ne2 Bd6 13. f4 exf4 14. Bxf4 Bxf4 15. Nxf4 Ng6 16. O-O Nxf4 17. Qxf4 Qxf4 18. Rxf4 O-O 19. e5 Nxe5 20. Rxd4 Rad8 21. Re4 Ng6 22. Rf1 f6 23. Kh2 Rfe8 24. Kg3 Rxe4 25.
Bxe4 Ne5 26. c3 Kf7 27. d4 Nc4 28. Re1 g6 29. Bc2 Nd6 30. Bb3+ Kf8 31. Re6 Kg7 32. Re7+ Kh6 33. Kf4 g5+ 34. Kf3 Rf8 35. Rd7 Nc8 36.
Be6 Nb6 37. Rxb7 Na4 38. Bf5 Nb6 39. Rxh7# 1-0

[Event "*** Titled Tuesday 3|2 Blitz"]
[Site "Chess.com"]
[Date "2016.06.07"]
[Round "9"]
[White "howitzer14"]
[Black "Evgeny_Levin"]
[Result "1-0"]
[WhiteElo "2689"]
[BlackElo "2674"]
[TimeControl "180+2"]
[EndTime "18:52:20 PDT"]
[Termination "howitzer14 won by checkmate"]

1. e4 Nf6 2. e5 Nd5 3. d4 d6 4.
c4 Nb6 5. f4 Bf5 6. Nc3 dxe5 7.
fxe5 Nc6 8. Nf3 e6 9. Be3 Be7 10.
d5 exd5 11. cxd5 Nb4 12. Nd4 Bd7 13. e6 fxe6 14. dxe6 Bc6 15. Nxc6 Qxd1+ 16. Rxd1 Nc2+ 17. Kd2 Nxe3 18. Kxe3 bxc6 19. Ba6 Rb8 20. b3 O-O 21.
Rhf1 Bc5+ 22. Kd3 Rfe8 23. Na4 Bd6 24. Rde1 Rbd8 25. Kc2 Bb4 26. Re2 Rd6 27. Rf4 Ba3 28. Nxb6 axb6 29. b4 c5 30. e7 g5 31. Bc4+ Kg7 32.
Rf7+ Kg6 33. Rf8 Rxe7 34. Rxe7 Bxb4 35. Bd3+ Kh5 36. Rxh7+ Kg4 37. Be2# 1-0

[Event "*** Titled Tuesday 3|2 Blitz"]
[Site "Chess.com"]
[Date "2016.06.07"]
[Round "9"]
[White "michaelq2d5"]
[Black "IIIlllII1llIl"]
[Result "0-1"]
[WhiteElo "2481"]
[BlackElo "2476"]
[TimeControl "180+2"]
[EndTime "18:52:38 PDT"]
[Termination "IIIlllII1llIl won by resignation"]

1. d4 Nf6 2. c4 g6 3. Nc3 Bg7 4. e4 d6 5. Be2 O-O 6. Nf3 c5 7. d5 Bg4 8. O-O Na6 9. Be3 Bxf3 10. Bxf3 Nd7 11. Be2 Nc7 12. Qc2 Rb8 13. a4 Na6 14.
Qd2 Re8 15. Na2 e6 16. Rab1 exd5 17. exd5 Nf6 18. Bf3 Ne4 19. Qc2 f5 20. b4 cxb4 21. Nxb4 Nac5 22. Nd3 Nc3 23. Nxc5 dxc5 24. Rb3 Nxa4 25.
Ra3 Nb6 26. Rxa7 Nd7 27. Rb1 b6 28. Bf4 Ne5 29. Be2 Qh4 30. Bg3 Qf6 31. Bxe5 Rxe5 32. Bd3 Rbe8 33. Raa1 f4 34. f3 Qh4 35. Qf2 Qg5 36. Kf1 Re3 37. Ra3 Bd4 38. Qd2 Rxf3+ 0-1

[Event "*** Titled Tuesday 3|2 Blitz"]
[Site "Chess.com"]
[Date "2016.06.07"]
[Round "9"]
[White "FearlessKing64"]
[Black "Andrejkin"]
[Result "1-0"]
[WhiteElo "2096"]
[BlackElo "2103"]
[TimeControl "180+2"]
[EndTime "18:52:51 PDT"]
[Termination "FearlessKing64 won by resignation"]

1. e4 c5 2. Nf3 d6 3. d4 cxd4 4. Nxd4 Nf6 5. f3 a6 6. c4 g6 7. Be3 Bg7 8. Qd2 Nc6 9. Nc3 O-O 10.
Rc1 Re8 11. Be2 Nxd4 12. Bxd4 Bd7 13. O-O Bc6 14. b3 Rc8 15. Be3 Qa5 16. Rfd1 Nd7 17.
Kf1 Rb8 18. Rc2 b5 19. cxb5 Bxb5 20. Nxb5 Qxd2 21. Rdxd2 axb5 22. Rc7 Nf8 23. Rdc2 Ne6 24.
Ra7 Nd4 25. Rcc7 Nxe2 26. Kxe2 Bf6 27. Kd3 Rec8 28. Rxc8+ Rxc8 29. Rb7 Ra8 30. Ra7 Rc8 31. a4 bxa4 32. bxa4 Rc3+ 33. Kd2 Ra3 34. Bh6 Bc3+ 35. Kc2 f6 36. Rxe7 Be5 37. Ra7 Ra2+ 38. Kd3 Rxg2 39. Kc4 Rxh2 40. Be3 Re2 41. Kd3 Ra2 42. a5 h5 43. a6 g5 44. Ra8+ Kg7 45. a7 h4 46.
Rc8 Ra3+ 47. Ke2 Ra2+ 48. Kf1 Ra1+ 49. Ke2 Ra2+ 50. Kd1 Ra1+ 51. Kc2 Ra2+ 52. Kb3 Rb2+ 53.
Ka3 Re2 54. a8=Q Rxe3+ 55. Kb4 Rxf3 56. Rg8+ Kh6 57. Qe8 Bc3+ 58. Kc4 1-0

[Event "*** Titled Tuesday 3|2 Blitz"]
[Site "Chess.com"]
[Date "2016.06.07"]
[Round "9"]
[White "evgenyermolaev"]
[Black "MaestroASK"]
[Result "0-1"]
[WhiteElo "2274"]
[BlackElo "2480"]
[TimeControl "180+2"]
[EndTime "18:52:58 PDT"]
[Termination "MaestroASK won by checkmate"]

1. e4 d6 2. d4 g6 3. Nc3 c6 4. Be3 e5 5. dxe5 dxe5 6. Qxd8+ Kxd8 7.
Bc4 f6 8. O-O-O+ Nd7 9. f3 Bh6 10. Bxh6 Nxh6 11. h4 Ke7 12. h5 b5 13. Bb3 a5 14.
hxg6 hxg6 15. a3 Nc5 16. Ba2 b4 17. Nb1 Rb8 18. Ne2 Ba6 19. Ng3 Nf7 20. Nd2 Nd6 21.
Nb3 Nxb3+ 22. Bxb3 Bb5 23. a4 Ba6 24. Kd2 Nb7 25.
Ke3 Nc5 26. Ne2 Bxe2 27. Kxe2 f5 28. exf5 gxf5 29. Ke3 f4+ 30. Ke2 Rbf8 31. Kf2 Rd8 32. Rxd8 Rxh1 33. Ra8 Nxb3 34. cxb3 Rb1 35. Rxa5 Rxb2+ 36. Kg1 Kd6 37. Ra8 Rxb3 38. a5 Ra3 39. a6 Kc7 40. a7 c5 41. Kh2 Kb7 42. Re8 Kxa7 43. Rxe5 Kb6 44. g4 fxg3+ 45. Kxg3 Ra8 46. f4 b3 47. Re1 c4 48. f5 Kc5 49. f6 Rf8 50.
Rf1 b2 51. Kg4 c3 52. Kg5 c2 53. Rf5+ Kc6 54. Kg6 b1=Q 55. Kg7 c1=Q 56. Kxf8 Qxf5 57. f7 Qcc5+ 58. Kg8 Qg6+ 59. Kh8 Qf8# 0-1

[Event "*** Titled Tuesday 3|2 Blitz"]
[Site "Chess.com"]
[Date "2016.06.07"]
[Round "9"]
[White "Silent_Terror"]
[Black "JusticeBot"]
[Result "1/2-1/2"]
[WhiteElo "2489"]
[BlackElo "2522"]
[TimeControl "180+2"]
[EndTime "18:53:02 PDT"]
[Termination "Game drawn by repetition"]

1. e4 e5 2. Nf3 Nc6 3. Bb5 a6 4. Ba4 Nf6 5. O-O b5 6. Bb3 Bb7 7. Re1 Bc5 8. d3 d6 9. c3 Bb6 10. h3 Ne7 11. Nh4 Qd7 12. Nd2 g5 13. Nhf3 g4 14. Ng5 g3 15. Bxf7+ Kf8 16. Rf1 h6 17. Be6 Bxf2+ 18. Kh1 hxg5 19. Bxd7 Nxd7 20. Qg4 Nf6 21. Qe6 Nh5 22. Nf3 Bc8 23. Qb3 Nf4 24. Bxf4 gxf4 25. Ng5 d5 26. exd5 Rh5 27. d6 Rxg5 28. dxe7+ Kxe7 29. Qd5 Rb8 30. Rxf2 gxf2 31. Qc5+ Kd7 32. Qxf2 Bb7 33.
Rg1 Rh8 34. Kh2 Rg3 35. Qe2 Bf3 36. Qxe5 Rhg8 37. Qf5+ Kc6 38. h4 Rxg2+ 39. Rxg2 Rxg2+ 40. Kh3 Rg3+ 41. Kh2 Rg2+ 42. Kh3 Rg3+ 43. Kh2 Rg2+ 44. Kh3 1/2-1/2

[Event "*** Titled Tuesday 3|2 Blitz"]
[Site "Chess.com"]
[Date "2016.06.07"]
[Round "9"]
[White "BikingBrian"]
[Black "twitchTriniCupid"]
[Result "0-1"]
[WhiteElo "2085"]
[BlackElo "2125"]
[TimeControl "180+2"]
[EndTime "18:53:37 PDT"]
[Termination "twitchTriniCupid won by checkmate"]

1. d4 Nf6 2. c4 c5 3. d5 d6 4. Nc3 g6 5. e4 Bg7 6. Nf3 b5 7. cxb5 a6 8. bxa6 O-O 9. Be2 Bxa6 10. O-O Nbd7 11. Bxa6 Rxa6 12. a4 Qb6 13. Re1 Ng4 14.
h3 Nge5 15. Nxe5 Nxe5 16. Nb5 c4 17. Be3 Qa5 18. Bd2 Qb6 19. Be3 Qa5 20. Bd2 Qd8 21.
Qc2 Qd7 22. Bc3 Rfa8 23. Bxe5 Bxe5 24. Qxc4 Bxb2 25. Rab1 Rxa4 26. Qb3 Be5 27. Qd3 Ra2 28. Nd4 Kg7 29. Nc6 Bf6 30. e5 dxe5 31. Nxe5 Qd6 32. Ng4 R8a3 33. Nxf6 Qxf6 34. Qf1 Qg5 35.
Kh1 Qxd5 36. Rbd1 Rxh3+ 37. Kg1 Qg5 38. Rxe7 Ra4 39. Qe1 Rah4 40. Rxf7+ Kxf7 41. Rd7+ Kf8 42. Rd8+ Qxd8 43. gxh3 Qg5+ 44. Kf1 Rxh3 45. Qe4 Qb5+ 46. Kg2 Qf5 47. Qb4+ Kg7 48. Qb7+ Kh6 49. Qb2 Qg4+ 50. Kf1 Rh1# 0-1

[Event "*** Titled Tuesday 3|2 Blitz"]
[Site "Chess.com"]
[Date "2016.06.07"]
[Round "9"]
[White "hangemhigh"]
[Black "hermionegrangermagic"]
[Result "1-0"]
[WhiteElo "2247"]
[BlackElo "2280"]
[TimeControl "180+2"]
[EndTime "18:53:38 PDT"]
[Termination "hangemhigh won by resignation"]

1. d3 e5 2. g3 d5 3. Bg2 f5 4. Nf3 Nc6 5. O-O Nf6 6. b3 Bd6 7. Bb2 O-O 8. c4 Qe8 9. cxd5 Nb4 10. Nc3 f4 11. a3 Na6 12. b4 Qh5 13. Rc1 Bh3 14.
Ne4 Ng4 15. d4 exd4 16. Qxd4 Rf7 17. b5 Bxg2 18. Kxg2 fxg3 19. hxg3 Be5 20. Qd2 Qg6 21. Nxe5 Qxe4+ 22. f3 Ne3+ 23. Kg1 Qxd5 24. Qxe3 Re8 25. bxa6 bxa6 26. Qd4 Qe6 27. Kg2 Rf6 28. f4 Qc8 29.
Rc6 Qb7 30. Rc1 Rd6 31. Qe4 Qxb2 32. R1c2 Qb7 33. Qc4+ Ree6 34. e4 Rxc6 35. Nxc6 Qc8 36. Ne7+ Kf7 37. Nxc8 c6 38. Qxc6 Rxc6 39. Rxc6 Ke8 40.
Nxa7 Kd7 41. e5 a5 42. e6+ Ke7 43. f5 g6 44. g4 gxf5 45. gxf5 Kf6 46. Kf3 1-0

[Event "*** Titled Tuesday 3|2 Blitz"]
[Site "Chess.com"]
[Date "2016.06.07"]
[Round "9"]
[White "Kawhi_Leonard2"]
[Black "saraswathii"]
[Result "0-1"]
[WhiteElo "2030"]
[BlackElo "1979"]
[TimeControl "180+2"]
[EndTime "18:53:53 PDT"]
[Termination "saraswathii won on time"]

1. e4 c5 2. Nf3 e6 3. d4 cxd4 4. Nxd4 Nf6 5. Nc3 Nc6 6. Ndb5 Bb4 7. a3 Bxc3+ 8. Nxc3 d5 9. exd5 exd5 10. Bd3 d4 11.
Ne4 Nxe4 12. Bxe4 Bf5 13. Bxf5 Qa5+ 14. Bd2 Qxf5 15. Qe2+ Qe5 16. Qxe5+ Nxe5 17. O-O-O O-O 18. Bf4 Nc6 19. Rhe1 f6 20. Kd2 Kf7 21. Kd3 Rfe8 22. f3 Rac8 23. Bg3 Ne5+ 24. Bxe5 fxe5 25. Re4 g5 26.
Rde1 Kf6 27. g3 Re6 28. f4 gxf4 29. gxf4 Rce8 30. fxe5+ Rxe5 31. Rf1+ Kg6 32. Rg4+ Kh5 33. Rxd4 Re3+ 34. Kc4 Re2 35. Kb3 Rxh2 36. Rf7 Kg6 37.
Rxb7 Rh3+ 38. c3 a5 39. a4 h5 40. Rd6+ Kg5 41. Rb5+ Kg4 42. Rxa5 Rh2 43. Rb5 h4 44. Rh6 Ree2 45. Ka2 Re4 46. Rb4 Re2 0-1

[Event "*** Titled Tuesday 3|2 Blitz"]
[Site "Chess.com"]
[Date "2016.06.07"]
[Round "9"]
[White "ilya261991"]
[Black "bugsbunny444"]
[Result "1-0"]
[WhiteElo "2518"]
[BlackElo "2352"]
[TimeControl "180+2"]
[EndTime "18:53:58 PDT"]
[Termination "ilya261991 won by checkmate"]

1. d4 e6 2. c4 b6 3. e4 Bb7 4. Bd3 Bb4+ 5. Bd2 Bxd2+ 6. Nxd2 Nc6 7. Ngf3 Qf6 8. e5 Qf4 9. g3 Qh6 10. Ne4 f5 11. exf6 Nxf6 12. Qe2 O-O 13. Rd1 Nb4 14. Bb1 Nxe4 15. Bxe4 d5 16. Bb1 dxc4 17. Be4 Nd3+ 18.
Kf1 Qh3+ 19. Kg1 Bxe4 20. Qxe4 Qf5 21. Qxf5 Rxf5 22. Nh4 Rd5 23. b3 Rxd4 24. bxc4 Rad8 25. Nf3 Rxc4 26. Kg2 Rc2 27. Rhf1 Rd6 28. a3 Ra2 29. Ng5 h6 30. Ne4 Rd5 31. Nc3 Rxa3 32. Nxd5 exd5 33.
f4 c5 34. f5 Kf7 35. g4 c4 36.
h4 Kf6 37. Rf3 b5 38. Kf1 b4 39. Re3 Ra6 40. Re8 Rb6 41. Rf8+ Ke7 42. Ra8 a6 43. g5 hxg5 44. hxg5 b3 45. Ra7+ Kf8 46. Ke2 b2 47. Rh1 Kg8 48. g6 Nf4+ 49. Kf3 Nxg6 50. fxg6 Rf6+ 51.
Ke3 Rxg6 52. Rb7 Rg3+ 53. Kd4 Rd3+ 54. Kc5 c3 55. Kd6 g5 56. Ke6 d4 57. Kf6 Rf3+ 58.
Kg6 c2 59. Rg7+ Kf8 60. Rh8# 1-0

[Event "*** Titled Tuesday 3|2 Blitz"]
[Site "Chess.com"]
[Date "2016.06.07"]
[Round "9"]
[White "AllStarShark"]
[Black "chessking2151"]
[Result "0-1"]
[WhiteElo "2147"]
[BlackElo "2337"]
[TimeControl "180+2"]
[EndTime "18:53:58 PDT"]
[Termination "chessking2151 won by checkmate"]

1. d4 Nf6 2. c4 c5 3. d5 b5 4. cxb5 a6 5. bxa6 g6 6. Nc3 Bg7 7. Nf3 O-O 8. e4 d6 9. Be2 Bxa6 10. O-O Qb6 11. a4 Nbd7 12. Bxa6 Qxa6 13. Qc2 Rfb8 14. Ra3 Ne8 15. Nb5 Qc8 16. b3 Nc7 17. Nxc7 Qxc7 18. Bd2 Nb6 19. a5 Nd7 20. Bc3 Qb7 21. Bxg7 Kxg7 22.
Rfa1 Ra6 23. Nd2 Qb4 24. Ra4 Qb5 25. Qc3+ f6 26. Qc4 Qb7 27. f4 f5 28. exf5 gxf5 29. R1a3 Nf6 30. Nf3 Nxd5 31. Ng5 Ra7 32. a6 Qc6 33.
Ne6+ Kf6 34. Nd4 Qa8 35. Nb5 e6 36. Nxd6 Qc6 37. Nb7 Rc8 38. Ra5 Qb6 39. Nxc5 Rac7 40. Qd4+ Kf7 41. a7 Rxc5 42. Rxc5 Rxc5 43. Qxc5 Qxc5+ 44. Kf1 Qxa3 45. a8=Q Qxa8 46. Ke2 Nxf4+ 47. Ke3 Nxg2+ 48.
Kd4 Qc6 49. b4 Kf6 50. h4 e5+ 51. Kd3 Nf4+ 52. Ke3 Qc3+ 53. Kf2 e4 54. h5 Qf3+ 55. Kg1 Qg2# 0-1

[Event "*** Titled Tuesday 3|2 Blitz"]
[Site "Chess.com"]
[Date "2016.06.07"]
[Round "9"]
[White "dretch"]
[Black "platy3"]
[Result "0-1"]
[WhiteElo "2638"]
[BlackElo "2698"]
[TimeControl "180+2"]
[EndTime "18:54:09 PDT"]
[Termination "platy3 won on time"]

1. d4 g6 2. c4 Bg7 3. Nf3 d6 4.
e4 Bg4 5. Be2 Nf6 6. Nc3 O-O 7.
Be3 Nfd7 8. Ng1 Bxe2 9. Ngxe2 c5 10. O-O Na6 11. Qd2 Rc8 12. b3 cxd4 13. Bxd4 Bxd4 14.
Nxd4 Nab8 15. Rad1 Nc6 16. Qh6 Qa5 17. Nd5 Rfe8 18.
Nf3 f6 19. Qh3 Rcd8 20. a4 e6 21. Nf4 Nc5 22. Qg4 Qc7 23. Nd2 Qf7 24. Rfe1 g5 25.
h4 Ne5 26. Qg3 Kh8 27. hxg5 fxg5 28. Nh3 g4 29. Nf4 Rf8 30. Ne2 Ned3 31. Rf1 Qh5 32. Qe3 Rf6 33. Ng3 Qh4 34. b4 Rh6 35. Qxh6 Qxh6 36.
bxc5 dxc5 37. Nb3 Qg5 38. Rd2 Nf4 39. Rxd8+ Qxd8 40. Nxc5 b6 41. Nb3 h5 42. Nc1 Qd2 43.
e5 Qc2 44. Re1 h4 45. Nf1 h3 46. Ne3 Qc3 47. Rd1 hxg2 48. Nxg4 Qh3 49. Nh2 Qh5 50.
Rd4 Qxe5 51. Nf3 Qh5 52. Rd8+ Kg7 53. Nh2 Qe5 54. Rd1 Qc3 55. Rd7+ Kf8 56. Rd1 Qc2 57. Rd8+ Ke7 0-1

[Event "*** Titled Tuesday 3|2 Blitz"]
[Site "Chess.com"]
[Date "2016.06.07"]
[Round "9"]
[White "Generalas"]
[Black "oskariot"]
[Result "1-0"]
[WhiteElo "2241"]
[BlackElo "2390"]
[TimeControl "180+2"]
[EndTime "18:54:25 PDT"]
[Termination "Generalas won by resignation"]

1. e4 a6 2. d4 a5 3. Nc3 a4 4. a3 h6 5. Nf3 h5 6. Bc4 e6 7. O-O c6 8. d5 h4 9. d6 b5 10.
Ba2 Na6 11. e5 Qb6 12. Be3 c5 13. h3 Bb7 14. Qe2 Bc6 15. b4 axb3 16. cxb3 Qb7 17.
Bb1 Nh6 18. Bd3 Bxf3 19. Qxf3 Qxf3 20. gxf3 f6 21. f4 Nf7 22. Bxb5 fxe5 23. fxe5 Nxe5 24. Ne4 Rh5 25. f4 Nf7 26. Rfd1 Rd5 27. Bc4 Rf5 28. b4 Nxb4 29. axb4 Rxa1 30. Rxa1 Nxd6 31. Ra8+ Kf7 32.
Rxf8+ Kxf8 33. Nxd6 Rf6 34. bxc5 Rg6+ 35. Kf2 Rg3 36. Bf1 Ke7 37. Ne4 Rg6 38. Kf3 Kd8 39.
Bf2 Rh6 40. Kg4 Kc8 41. Bxh4 Kc7 42. Bf2 Kc6 43. Bc4 Rg6+ 44. Kf3 Rh6 45. h4 Rg6 46. h5 Rh6 47. Kg4 g6 48. hxg6 Rxg6+ 49. Kf3 Rg8 50. Bd4 Ra8 51. Nc3 Ra3 52. Bb5+ Kc7 53. Ke4 Ra8 54. Be5+ Kd8 55. Na4 Ra5 56. Nc3 Ke7 57.
Bd6+ Ke8 58. Kd4 Ra1 59. Ne4 Rd1+ 60. Ke5 Rd5+ 61. Kf6 Rf5+ 62. Kg6 Kd8 63. Nf6 Kc8 64. Bd3 Rxf6+ 65. Kxf6 1-0

[Event "*** Titled Tuesday 3|2 Blitz"]
[Site "Chess.com"]
[Date "2016.06.07"]
[Round "9"]
[White "gmjoey1"]
[Black "Newlight1"]
[Result "1/2-1/2"]
[WhiteElo "2538"]
[BlackElo "2234"]
[TimeControl "180+2"]
[EndTime "18:54:43 PDT"]
[Termination "Game drawn by agreement"]

1. e4 c5 2. c3 Nf6 3. e5 Nd5 4. d4 cxd4 5. cxd4 d6 6. Bc4 Nb6 7. Bb5+ Bd7 8. e6 fxe6 9. Bd3 g6 10. h4 Bg7 11. h5 Ba4 12. Qg4 Nc6 13. hxg6 Nb4 14.
Be4 d5 15. a3 dxe4 16. axb4 Qxd4 17. Nc3 Qxb4 18. Ne2 Rd8 19. O-O h5 20. Qxe6 Bb3 21. Qh3 Rf8 22. Qxh5 Rh8 23. Qg4 Nd7 24. Qxe4 Qxe4 25.
Nxe4 a6 26. N2g3 Bd5 27. Re1 Bxe4 28. Nxe4 Ne5 29. Bg5 Nxg6 30. Rac1 Bxb2 31. Rc7 b5 32.
Rc6 Kf7 33. Rxa6 b4 34. Bd2 Rxd2 35. Nxd2 Bc3 36. Re2 Nf4 37. Re4 Bxd2 38. g3 Nd3 39.
Rd4 Ne5 40. Kg2 Rh2+ 41. Kf1 Rh1+ 42. Kg2 Rh2+ 43. Kf1 Rh1+ 44. Ke2 Bc3 45. Rf4+ Kg7 46.
f3 Re1+ 47. Kf2 Nd3+ 48. Kg2 Nxf4+ 49. gxf4 b3 50. Rb6 b2 51. f5 Bf6 52. Kh3 b1=Q 53. Rxb1 Rxb1 54. Kg4 Rg1+ 55. Kh5 Rg5+ 56. Kh4 Rxf5+ 57.
Kg4 Rg5+ 58. Kf4 Kg6 59. Ke4 Rf5 60. f4 e5 61. fxe5 Rxe5+ 62. Kf4 Bg7 63. Kg4 Re4+ 64. Kf3 Kf5 65. Kg3 Be5+ 66. Kf3 Bf4 67. Kg2 Kg4 68. Kf2 Ra4 69. Ke2 Ra3 70. Kd1 Ra2 71. Ke1 Kf3 1/2-1/2

[Event "*** Titled Tuesday 3|2 Blitz"]
[Site "Chess.com"]
[Date "2016.06.07"]
[Round "9"]
[White "Keaton87"]
[Black "Danhy"]
[Result "1-0"]
[WhiteElo "2491"]
[BlackElo "2493"]
[TimeControl "180+2"]
[EndTime "18:55:02 PDT"]
[Termination "Keaton87 won by resignation"]

1. d4 Nf6 2. Nf3 g6 3. Bg5 Bg7 4. Nbd2 d5 5. e3 c6 6. Be2 O-O 7. O-O Nbd7 8. c4 Re8 9. h3 h6 10. Bf4 dxc4 11. Nxc4 Nd5 12. Bg3 N7b6 13. Nce5 Nd7 14.
Rc1 Nxe5 15. Nxe5 Be6 16. Qd2 Nf6 17. Bf3 Bxa2 18. b4 Bd5 19. b5 Bxf3 20. gxf3 Nh5 21. Bh2 cxb5 22. Qa2 e6 23. Rc5 a6 24. Rfc1 Re7 25. Qc2 Nf6 26. Nd3 Nd5 27. Be5 Bf8 28.
Rc8 Rxc8 29. Qxc8 Re8 30. Qxb7 Qg5+ 31. Kh2 Qe7 32. Qxa6 Qa3 33. Qxb5 Ra8 34. Rc6 Bg7 35. Bg3 h5 36. h4 Ne7 37. Rb6 Nf5 38. Rb8+ Rxb8 39.
Qxb8+ Qf8 40. Qxf8+ Bxf8 41. Kg2 Be7 42. Kh3 Kf8 43.
Ne5 Ke8 44. f4 Bf6 45. Nf3 Ke7 46. Ng5 Bxg5 47. fxg5 Kd7 48. Kg2 Kc6 49. Kf3 Ne7 50. Ke4 Kd7 51. Ke5 Nc6+ 52. Kf6 Ke8 53. Be5 Ne7 54. e4 Nc6 55. d5 exd5 56. exd5 Nb4 57.
d6 Kf8 58. Bd4 Nd5+ 59. Ke5 Nb4 60. Bc5 Nc6+ 61. Kd5 Nd8 62. d7+ Kg7 63. Be7 Ne6 64. d8=Q Nxd8 65. Bxd8 f6 66. Bxf6+ 1-0

[Event "*** Titled Tuesday 3|2 Blitz"]
[Site "Chess.com"]
[Date "2016.06.07"]
[Round "9"]
[White "anon102030"]
[Black "AlexanderL"]
[Result "1-0"]
[WhiteElo "2527"]
[BlackElo "2570"]
[TimeControl "180+2"]
[EndTime "18:55:39 PDT"]
[Termination "anon102030 won by resignation"]

1. e4 e6 2. d3 b6 3. Nd2 Bb7 4. g3 d5 5. Bg2 Nf6 6. Ne2 dxe4 7.
dxe4 e5 8. O-O Nbd7 9. Nc3 Be7 10. Nc4 O-O 11. Qe2 c6 12. Rd1 Qc7 13. Ne3 Rfe8 14.
Nf5 Bf8 15. Be3 Rad8 16. Rd2 Nc5 17. Rad1 Rxd2 18. Rxd2 Rd8 19. Bg5 Rxd2 20. Qxd2 Qd7 21. a3 Qxd2 22. Bxd2 Ne6 23. Ne2 Ba6 24. Nc1 g6 25.
Ne3 Nd4 26. c3 Ne6 27. f3 Nd7 28. Bf1 Bxf1 29. Kxf1 Ndc5 30. Ke2 b5 31. Nd3 f6 32.
Nxc5 Nxc5 33. Nc2 Na4 34. b3 Nc5 35. b4 Na4 36. f4 Kf7 37. fxe5 fxe5 38. h3 Ke6 39.
Ne3 h5 40. c4 a6 41. c5 Be7 42. Nd1 Bd8 43. Kd3 Be7 44. Be3 a5 45. Bd2 axb4 46. axb4 Bxc5 47. bxc5 Nxc5+ 48. Ke3 Nb3 49. Be1 Kd6 50.
Nc3 Kc5 51. Kd3 b4 52. Bf2+ Kd6 53. Kc4 Nd2+ 54. Kxb4 Nf3 55. Bc5+ Ke6 56. Kc4 g5 57. Kd3 h4 58. g4 Ne1+ 59. Kd2 Nf3+ 60. Ke2 Nd4+ 61. Ke3 Nc2+ 62. Kd2 Nd4 63. Na4 Nf3+ 64. Ke2 Nd4+ 65. Bxd4 exd4 66. Kd3 Ke5 67. Nc5 Kf4 68. Kxd4 Kg3 69. e5 Kxh3 70. e6 Kg2 71. e7 h3 72.
e8=Q h2 73. Qxc6+ Kg1 74. Ke5 h1=Q 75. Qxh1+ Kxh1 76. Kf5 Kg2 77. Kxg5 Kf3 78. Kf5 Ke3 79. g5 1-0

[Event "*** Titled Tuesday 3|2 Blitz"]
[Site "Chess.com"]
[Date "2016.06.07"]
[Round "9"]
[White "matej2221"]
[Black "jcibarra"]
[Result "1/2-1/2"]
[WhiteElo "2517"]
[BlackElo "2646"]
[TimeControl "180+2"]
[EndTime "18:56:11 PDT"]
[Termination "Game drawn by repetition"]

1. e4 c5 2. Nf3 e6 3. c4 Nc6 4. d4 cxd4 5. Nxd4 Nf6 6. Nc3 Bb4 7. Nxc6 bxc6 8. Bd3 e5 9. O-O Bc5 10. Rb1 a5 11. Qe2 d6 12. Be3 Bxe3 13. Qxe3 O-O 14. Rfd1 Be6 15. Be2 Qe7 16. Rd2 Rfd8 17. Rbd1 Rab8 18.
b3 h6 19. Na4 c5 20. Nc3 Kh7 21. Nb5 Rb6 22. f3 Ne8 23. Qc3 a4 24. bxa4 Ra6 25.
a5 Rda8 26. Rb2 Rxa5 27. Qd2 R5a6 28. Nc3 Kg8 29. Nd5 Bxd5 30. cxd5 Ra3 31. Rdb1 Qg5 32.
Qxg5 hxg5 33. Bc4 Kf8 34. Kf2 R3a4 35. Rc2 Ra3 36. Rcb2 R3a4 37. Rc2 g6 38. Ke2 Kg7 39. Rbb2 Ra3 40. h3 Nf6 41. Kf2 Nh5 42. Rb6 Rd8 43. Rcb2 Kf8 44. Rb8 Rxb8 45. Rxb8+ Ke7 46. Rb7+ Kf8 47.
Rd7 Ra4 48. Bb3 Rb4 49. Rxd6 c4 50. Bd1 Rb2+ 51. Kf1 Rxa2 52. Rc6 Ng3+ 53. Kg1 Rd2 54. Ba4 c3 55. Rc8+ Ke7 56. Rc7+ Kf8 57. Rc8+ Ke7 58.
Rc7+ Kf8 59. Rc8+ Ke7 60. Rc7+ Kf8 61. Rc8+ Ke7 62. Rc7+ Kd8 63. Rc5 Ne2+ 64. Kf1 f6 65. g4 Ra2 66. Bd1 Nd4 67. Rxc3 Rh2 68. Kg1 Rd2 69. Rc1 Kd7 70. Kf1 Kd6 71. Ke1 Rh2 72.
Ra1 Rxh3 73. Ra6+ Ke7 74. Ra7+ Kd6 75. Ra6+ Ke7 76. Ra7+ Kd6 77. Ra6+ Ke7 78. Ra7+ Kd6 79. Ra6+ Ke7 80. Ra7+ Kd6 81. Ra6+ 1/2-1/2